 Dungeon Crawl Stone Soup version 0.24.0-1-gfbc8707122 (webtiles) character file.

Game seed: 2035858830700510032, levelgen mode: deterministic

1010 Mrkan the Cleaver (level 8, -3/71 HPs)
             Began as a Hill Orc Monk on Oct 26, 2019.
             Was a Priest of Okawaru.
             Slain by an ogre
             ... wielding a +0 giant club
              (12 damage)
             ... on level 5 of the Dungeon.
             The game lasted 00:10:08 (6678 turns).

Mrkan the Cleaver (Hill Orc Monk)                   Turns: 6678, Time: 00:10:08

Health: -3/71      AC: 10    Str: 18    XL:     8   Next: 21%
Magic:  11/11      EV:  8    Int: 10    God:    Okawaru [***...]
Gold:   287        SH:  0    Dex: 13    Spells: 7/7 levels left

rFire    . . .     SeeInvis .   a - +0 hand axe
rCold    . . .     Gourm    .   (no shield)
rNeg     . . .     Faith    .   t - +0 chain mail
rPois    .         Spirit   .   v - -1 helmet (curse)
rElec    .         Reflect  .   (no cloak)
rCorr    .         Harm     .   (no gloves)
MR       +....                  (no boots)
Stlth    ..........             (no amulet)
HPRegen  0.21/turn              (no ring)
MPRegen  0.12/turn              (no ring)

@: no status effects
A: thin metallic scales 1, magic resistance 1, strong 1
a: Heroism, Renounce Religion


You were on level 5 of the Dungeon.
You worshipped Okawaru.
Okawaru was most pleased with you.
You were not hungry.

You visited 1 branch of the dungeon, and saw 5 of its levels.

You collected 287 gold pieces.

Inventory:

Hand Weapons
 a - a +0 hand axe (weapon)
Armour
 t - a +0 chain mail (worn)
 v - a cursed -1 helmet (worn)
Jewellery
 o - an uncursed ring of protection from cold {unknown}
 x - an uncursed amulet of guardian spirit {unknown}
Wands
 w - a wand of iceblast (16)
Scrolls
 g - 6 scrolls of identify {unknown}
 i - 2 scrolls of enchant weapon {unknown}
 j - 3 scrolls of enchant armour {unknown}
 l - 4 scrolls of magic mapping {unknown}
 n - a scroll of teleportation {unknown}
 p - 4 scrolls of remove curse {unknown}
 r - a scroll of immolation {unknown}
 s - a scroll of fog {unknown}
Potions
 d - a potion of heal wounds {unknown}
 e - a potion of mutation
 f - a potion of cancellation {unknown}
 h - a potion of brilliance {unknown}
 m - a potion of ambrosia {unknown}
 q - a potion of might {unknown}
Comestibles
 c - 8 rations


   Skills:
 + Level 6.8 Fighting
 * Level 9.7 Axes
 - Level 2.4 Dodging
 - Level 1.5 Stealth
 + Level 5.0 Invocations


You had 7 spell levels left.
You didn't know any spells.
Your spell library was empty.

Dungeon Overview and Level Annotations

Branches:
Dungeon (5/15)
 Temple: D:4-7

Altars:
Gozag
Hepliaklqana
Okawaru
Qazlal
Zin
The Shining One

Annotations:
D:5 Prince Ribbit


Innate Abilities, Weirdness & Mutations

You are partially covered in thin metallic scales. (AC +2)
You are resistant to hostile enchantments. (MR+)
Your muscles are strong. (Str +2)


Message History

The sky beast hits you but does no damage.
The ogre hits you but does no damage.
You hit the sky beast.
The sky beast is severely wounded.
You closely miss Prince Ribbit. You hit the ogre.
Prince Ribbit blinks!
The sky beast hits you. The sky beast shocks you.
You barely miss the ogre.
The ogre is heavily wounded.
You closely miss the sky beast.
Prince Ribbit hops awkwardly around.
The ogre hits you with a +0 giant club!!
* * * LOW HITPOINT WARNING * * *
You hit the ogre.
The ogre is severely wounded.
You closely miss the sky beast. The sky beast closely misses you.
You hit the ogre.
The ogre is almost dead.
You closely miss Prince Ribbit. You hit the sky beast but do no damage.
The ogre hits you with a +0 giant club!
You die...

#................)...#.# ..
#.......#####..###...#.#...
#.......# #..# #.#.....#
##.....## ##.###.......#
##...## #.##÷..#..#.. #####
#..........$..
#.†.....##..##
#######F.†##.......#
#......@Y.##..####.
..#.....O.....##
#..###.#..<...# ...
...........# ##
###....#.#....# #..###.#
.... ....# .# ... ...... ..
.. ..... .. .


You could see Prince Ribbit, a sky beast and an ogre.

Vanquished Creatures
  Sigmund (D:5)
  Menkaure (D:4)
  An ice beast (D:4)
  An ogre (D:4)
  A phantom (D:4)
  A hound (D:4)
  An orc priest (D:4)
  A centaur skeleton (D:4)
  3 orc wizards (D:4)
  A worker ant (D:4)
  2 gnolls (D:1)
  9 adders
  A shadow imp (D:4)
  3 oozes (D:3)
  4 worms
  4 leopard geckos
  22 orcs
  5 giant cockroaches
  10 goblins
  10 hobgoblins
  14 jackals
  3 quokkas
  6 bats
  6 frilled lizards
  A jackal skeleton (D:5)
  5 kobolds
  A leopard gecko skeleton (D:5)
  14 rats
132 creatures vanquished.

Notes
Turn   | Place    | Note
-------+----------+-------------------------------------------
     0 | D:1      | Mrkan the Hill Orc Monk began the quest for the Orb.
     0 | D:1      | Reached XP level 1. HP: 19/19 MP: 1/1
    93 | D:1      | Reached XP level 2. HP: 13/27 MP: 2/2
   812 | D:1      | Reached skill level 5 in Axes
   812 | D:1      | Reached XP level 3. HP: 32/33 MP: 3/3
  1782 | D:2      | Reached XP level 4. HP: 37/41 MP: 4/4
  2180 | D:2      | Reached skill level 6 in Axes
  2294 | D:2      | Found an iron altar of Okawaru.
  2302 | D:2      | Became a worshipper of Warmaster Okawaru
  2302 | D:2      | Reached * piety under Okawaru
  2302 | D:2      | Reached ** piety under Okawaru
  2801 | D:2      | Reached XP level 5. HP: 47/47 MP: 5/5
  3105 | D:3      | Found a stormy altar of Qazlal.
  3123 | D:3      | Found a glowing golden altar of the Shining One.
  3124 | D:3      | Found an opulent altar of Gozag.
  3124 | D:3      | Found a glowing silver altar of Zin.
  3127 | D:3      | Found a hazy altar of Hepliaklqana.
  3169 | D:3      | Reached skill level 1 in Invocations
  3371 | D:3      | Reached skill level 5 in Fighting
  3642 | D:3      | Found a faded altar of an unknown god.
  4077 | D:4      | Noticed a phantom
  4087 | D:4      | Reached skill level 7 in Axes
  4087 | D:4      | Reached XP level 6. HP: 43/56 MP: 7/7
  4150 | D:4      | Killed a phantom
  4731 | D:4      | Reached skill level 8 in Axes
  4734 | D:4      | Reached XP level 7. HP: 9/62 MP: 9/9
  5021 | D:4      | Gained mutation: Your muscles are strong. (Str +2) [potion
                  | of mutation]
  5021 | D:4      | Gained mutation: You are resistant to hostile enchantments.
                  | (MR+) [potion of mutation]
  5021 | D:4      | Gained mutation: You are partially covered in thin metallic
                  | scales. (AC +2) [potion of mutation]
  5412 | D:4      | Reached *** piety under Okawaru
  5744 | D:5      | Entered Level 5 of the Dungeon
  5744 | D:5      | Noticed Sigmund
  5744 | D:5      | Noticed Menkaure
  5755 | D:4      | Killed Menkaure
  5755 | D:4      | Reached skill level 9 in Axes
  6074 | D:5      | Noticed Prince Ribbit
  6110 | D:5      | HP: 2/64 [something (6)]
  6116 | D:5      | HP: 3/64 [something (6)]
  6123 | D:5      | Killed Sigmund
  6123 | D:5      | Reached XP level 8. HP: 13/71 MP: 9/11
  6148 | D:5      | HP: 1/71 [ice beast (9)]
  6494 | D:4      | Reached skill level 5 in Invocations
  6678 | D:5      | Slain by an ogre

Levels and vault maps discovered:
D:1:      denvon_arrival_planthouse, layout_basic,
          chequers_serial_rivers_micro_e, chequers_serial_rivers_micro_c
D:2:      layout_loops_cross, lemuel_coloured_pillars_altar, bh_walls_and_bars
D:3:      layout_basic, minitemple, chequers_ecumenical_altar_island
D:4:      layout_rooms
D:5:      layout_rooms, first_ration, minmay_fractal_squares_diagonal_5,
          uniq_prince_ribbit1, uniq_sigmund, uniq_menkaure

Skill      XL: |  1  2  3  4  5  6  7  8 |
---------------+-------------------------+-----
Fighting       | 4 5 6 |  6.8
Axes           | 5 6 7 8 9 |  9.7
Invocations    | 2 3 4 5 |  5.0
Dodging        | |  2.4
Stealth        | |  1.5

Action                   |  1- 3 |  4- 6 |  7- 9 || total
-------------------------+-------+-------+-------++-------
Melee: Hand axe          |   109 |   347 |   160 ||   616
Invok: Heroism           |       |       |     1 ||     1
  Use: Potion            |       |       |     4 ||     4
 Stab: Sleeping          |     2 |     5 |       ||     7
  Eat: Chunk             |     2 |    10 |     4 ||    16
       Ration            |       |       |     1 ||     1
Armor: Robe              |    12 |    19 |       ||    31
       Chain mail        |       |   115 |    81 ||   196
Dodge: Dodged            |    71 |   186 |    51 ||   308
